 Dungeon Crawl Stone Soup version 0.30.0-5-g1a98f26d00 (webtiles) character file.

Game seed: 4735094484717206574

2 javelincjr the Firebug (level 1, -1/13 HPs)
             Began as a Demonspawn Fire Elementalist on May 12, 2023.
             Slain by a giant cockroach (2 damage)
             ... on level 1 of the Dungeon.
             The game lasted 00:01:10 (43 turns).

javelincjr the Firebug (Demonspawn Fire Elementalist) Turns: 43, Time: 00:01:10

Health: -1/13      AC:  2    Str:  8    XL:     1   Next: 33%
Magic:  0/3        EV: 12    Int: 16    God:
Gold:   0          SH:  0    Dex: 13    Spells: 3/4 levels left

rFire   . . .        d - +0 dagger
rCold   . . .        (no shield)
rNeg    . . .        a - +0 robe
rPois   .            (no helmet)
rElec   .            (no cloak)
rCorr   .            (no gloves)
SInv    .            (no boots)
Will    .....        (no amulet)
Stlth   ++           (no ring)
HPRegen 0.22/turn    (no ring)
MPRegen 0.08/turn

%: no passive effects
@: no status effects
A: no striking features
a: no special abilities


You were on level 1 of the Dungeon.
You visited 1 branch of the dungeon, and saw 1 of its levels.

Inventory:

Hand Weapons
 d - a +0 dagger (weapon)
Armour
 a - a +0 robe (worn)
Potions
 b - a potion of magic
 c - a potion of might {unknown}


   Skills:
 + Level 1.8 Dodging
 + Level 1.8 Stealth
 + Level 2.0 Spellcasting
 + Level 1.0 Conjurations
 + Level 2.7 Fire Magic


You had 3 spell levels left.
You knew the following spells:

 Your Spells              Type           Power      Damage    Failure   Level
a - Foxfire               Conj/Fire      28%        2x1d5     10%         1

Your spell library contained the following spells:

 Spells                   Type           Power      Damage    Failure   Level
 Scorch                   Fire           20%        2d6       11%         2
 Inner Flame              Hex/Fire       6%         N/A       34%         3
 Volatile Blastmotes      Fire/Tloc      12%        2d11      34%         3
 Flame Wave               Conj/Fire      7%         2d5       67%         4


Dungeon Overview and Level Annotations

Branches:
Dungeon (1/15)

Altars:


Message History

c - a fuming clear potion The hobgoblin shouts!
An endoplasm comes into view.
Your magical contamination has completely faded away.
A giant cockroach comes into view.
The endoplasm barely misses you. The endoplasm freezes you.
You are frozen.
You see here a +0 dagger.
d - a +0 dagger The endoplasm freezes you.
You are frozen.
You conjure some foxfire!
The endoplasm closely misses you.
You are out of magic!
d - a +0 dagger (weapon)
The foxfire hits the endoplasm.
The endoplasm is severely wounded.
You hit the endoplasm but do no damage.
The endoplasm is severely wounded.
The foxfire hits the endoplasm.
You kill the endoplasm!
You hit the giant cockroach.
The giant cockroach is heavily wounded.
The hobgoblin hits you. The giant cockroach bites you.
You are too injured to fight recklessly!
You are too injured to fight recklessly!
You closely miss the giant cockroach.
The giant cockroach is heavily wounded.
The hobgoblin barely misses you. The giant cockroach bites you.
You hit the giant cockroach but do no damage.
The giant cockroach is heavily wounded.
The giant cockroach barely misses you. The hobgoblin closely misses you.
You closely miss the giant cockroach.
The giant cockroach is heavily wounded.
The giant cockroach barely misses you. The hobgoblin hits you.
* * * LOW HITPOINT WARNING * * *
You hit the giant cockroach.
The giant cockroach is severely wounded.
The giant cockroach bites you.
You die...

# .. .# #.#. .##.#
.#J##.##.. ..†..
..# #.#.# #.#
#.#.###.# #.......#
##.B.#..# #.@.##.##
#.g.#...#######
####...#.........#
..........##.####.#
..........##.#.<#.#
..........##.#..#.#
#####...#.##.#.##.#
#...#.##.#....#
#...#.##.######


You could see a giant cockroach and a hobgoblin.

Vanquished Creatures
  A bat (D:1)
  An endoplasm (D:1)
2 creatures vanquished.

Vanquished Creatures (others)
  5 foxfires (D:1)
5 creatures vanquished.

Grand Total: 7 creatures vanquished

Notes
Turn   | Place    | Note
-------+----------+-------------------------------------------
     0 | D:1      | javelincjr the Demonspawn Fire Elementalist began the quest
                  | for the Orb.
     0 | D:1      | Reached XP level 1. HP: 13/13 MP: 3/3
    43 | D:1      | Slain by a giant cockroach

Illustrated notes

Levels and vault maps discovered:
D:1:      zelgadis_glass_arrival_small, layout_loops_cross, serial_shops,
          nicolae_shop_hallway_stairs, kennysheep_another_room,
          chequers_serial_rivers_micro_b, st_stairs_1

Action                     || total
---------------------------++-------
  Melee: Dagger            ||     6
   Cast: Foxfire           ||     3
  Dodge: Dodged            ||     6
